 Dungeon Crawl Stone Soup version 0.30-b1-2-g02819fbbbe (webtiles) character file.

Game seed: 2437097301056544464

95 Alarkh the Sneak (level 4, 0/35 HPs)
             Began as a Demonspawn Delver on May 23, 2023.
             Slain by a sky beast (5 damage)
             ... on level 4 of the Dungeon.
             The game lasted 00:01:13 (593 turns).

Alarkh the Sneak (Demonspawn Delver)                 Turns: 593, Time: 00:01:14

Health: 0/35       AC:  4    Str: 13    XL:     4   Next: 39%
Magic:  4/4        EV: 11    Int: 13    God:
Gold:   35         SH:  0    Dex: 14    Spells: 3/3 levels left

rFire   . .          .
                       - Unarmed
rCold   . . .        (no shield)
rNeg    . . .        a - +0 leather armour
rPois   .            (no helmet)
rElec   .            (no cloak)
rCorr   .            (no gloves)
SInv    .            (no boots)
Will    .....        (no amulet)
Stlth   ++           (no ring)
HPRegen 0.25/turn    (no ring)
MPRegen 0.09/turn

%: no passive effects
@: no status effects
A: sharp scales 1
a: no special abilities


You were on level 4 of the Dungeon.
You visited 1 branch of the dungeon, and saw 2 of its levels.

You collected 35 gold pieces.

Inventory:

Missiles
 h - 3 boomerangs of dispersal (quivered)
Armour
 a - a +0 leather armour (worn)
Jewellery
 g - a ring of magical power
Wands
 f - a wand of digging (3)
Scrolls
 b - a scroll of fog
 c - a scroll of magic mapping
 d - a scroll of fear
 e - a scroll of teleportation {unknown}


   Skills:
 - Level 3.0 Fighting
 - Level 1.7 Dodging
 - Level 4.5 Stealth
 + Level 4.3 Unarmed Combat


You had 3 spell levels left.
You didn't know any spells.
Your spell library was empty.

Dungeon Overview and Level Annotations

Branches:
Dungeon (5/15)
 Temple: D:4-7

Altars:


Innate Abilities, Weirdness & Mutations

You are partially covered in razor-sharp scales. (AC +1, Slay +1)


Message History

Okay, then.
You hit the sky beast.
The sky beast is lightly wounded.
The sky beast barely misses you.
You hit the sky beast.
The sky beast is moderately wounded.
The sky beast hits you. The sky beast shocks you.
You hit the sky beast.
The sky beast is heavily wounded.
The sky beast flickers out of sight!
Deactivating autopickup; reactivate with Ctrl-A.
Something hits you but does no damage.
No target in view!
Something hits you. Something shocks you.
A sky beast appears from thin air!
Reactivating autopickup.
You closely miss the sky beast. Your punch misses the sky beast.
The sky beast is heavily wounded.
The sky beast hits you but does no damage.
You hit the sky beast.
The sky beast is heavily wounded.
The sky beast hits you. The sky beast shocks you.
You barely miss the sky beast.
The sky beast is heavily wounded.
The sky beast hits you. The sky beast shocks you.
* * * LOW HITPOINT WARNING * * *
You closely miss the sky beast.
The sky beast is heavily wounded.
The sky beast barely misses you.
You barely miss the sky beast.
The sky beast is heavily wounded.
You closely miss the sky beast.
The sky beast is heavily wounded.
The sky beast hits you but does no damage.
You hit the sky beast but do no damage.
The sky beast is heavily wounded.
The sky beast hits you.
* * * LOW HITPOINT WARNING * * *
The sky beast shocks you.
You die...

#.......## ##....#
######...#####.....#
##............# ####
###.............#
....#####...............##
..........##..######....#
###.....###.## #..##.
##........## #.####
#..Y@.....# #.# # #
#..#####..# ###.# #. #..#
##..####...# .. #.#
##..####..##......#### #.#
#.###..##.....#..####)....
#.# #...#####...##.##
#...## ..# ##..# #..###..#
#..## #.# #...##
##..###.## #..#
#.###.#..## ##.####.###..#


You could see a sky beast.

Vanquished Creatures
  A scorpion (D:5)
  A hound (D:4)
  An orc (D:4)
  A giant cockroach (D:4)
  A goblin (D:4)
  A quokka (D:4)
6 creatures vanquished.

Notes
Turn   | Place    | Note
-------+----------+-------------------------------------------
     0 | D:5      | Alarkh the Demonspawn Delver began the quest for the Orb.
     0 | D:5      | Reached XP level 1. HP: 18/18 MP: 1/1
    95 | D:5      | Noticed a scorpion
   113 | D:5      | Killed a scorpion
   114 | D:5      | Gained mutation: You are partially covered in razor-sharp
                  | scales. (AC +1, Slay +1) [demonic ancestry]
   114 | D:5      | Reached XP level 2. HP: 5/24 MP: 2/2
   114 | D:5      | Reached XP level 3. HP: 6/29 MP: 3/3
   389 | D:4      | Reached XP level 4. HP: 32/35 MP: 4/4
   454 | D:5      | Noticed an ogre
   454 | D:5      | Noticed an ogre
   454 | D:5      | Noticed a black bear
   569 | D:4      | Noticed a sky beast
   593 | D:4      | Slain by a sky beast

Illustrated notes

Levels and vault maps discovered:
D:4:      layout_layer_cave, mainiacjoe_overflow_large_starburst,
          lemuel_temple_firewalk_b
D:5:      nicolae_cairo_tiling_large, layout_basic, serial_co_window_serial,
          co_window_paths_b, co_window_paths_a, co_window_corner_a,
          co_window_of_opportunity_a, co_window_cross_1, co_window_corner_cb,
          co_window_broadway_a, co_window_cross_2, glass_columns_b,
          glass_columns_c, glass_columns_a, kennysheep_generic_room_2

Skill      XL: |  1  2  3 |
---------------+----------+-----
Unarmed Combat | 3 4 |  4.3
Fighting       | |  3.0
Dodging        | |  1.7
Stealth        | |  4.5

Action                     |  1- 3 |  4- 6 || total
---------------------------+-------+-------++-------
  Melee: Unarmed           |    23 |    19 ||    42
         Punch             |     2 |     1 ||     3
    Use: Potion            |     1 |       ||     1
 Armour: Leather armour    |     3 |     5 ||     8
  Dodge: Dodged            |    11 |     5 ||    16
